 Dungeon Crawl Stone Soup version 0.21.1-1-g345015fe64 (webtiles) character file.

7652 Marvel the Cleaver (level 10, 0/100 HPs)
             Began as a Minotaur Fighter on Feb 18, 2018.
             Was an Elder of Okawaru.
             Succumbed to deszczowiec's ghost's toxic radiance
             ... on level 10 of the Dungeon.
             The game lasted 00:25:01 (9196 turns).

Marvel the Cleaver (Minotaur Fighter)               Turns: 9196, Time: 00:25:02

Health: 0/100      AC:  9    Str: 28    XL:     10   Next: 99%
Magic:  9/10       EV: 11    Int: 10    God:    Okawaru [****..]
Gold:   189        SH: 14    Dex: 11    Spells: 9/9 levels left

rFire    . . .     SeeInvis .   a - +1 war axe
rCold    . . .     Gourm    +   c - +2 shield
rNeg     . . .     Faith    .   b - +0 scale mail
rPois    .         Spirit   +   (helmet restricted)
rElec    +         Reflect  .   E - scarf {Spirit}
rCorr    .         Harm     .   (no gloves)
MR       +++..                  (no boots)
Stlth    ..........             z - amulet of the Sparrow {Gourm *Corrode +Blink rElec MR+++}
HPRegen  0.26/turn              H - +5 ring of slaying
MPRegen  0.12/turn              A - +5 ring of strength

@: brilliant, lethally poisoned (0 -> -2), very slightly contaminated, hasted,
very quick
A: retaliatory headbutt, hooves 1, horns 2, robust 1, shaggy fur 1
a: Heroism, Renounce Religion, Evoke Blink


You were on level 10 of the Dungeon.
You worshipped Okawaru.
Okawaru was greatly pleased with you.
You were not hungry.

You visited 2 branches of the dungeon, and saw 11 of its levels.

You collected 514 gold pieces.
You spent 325 gold pieces at shops.

Inventory:

Hand Weapons
 a - a +1 war axe (weapon)
 D - a +0 battleaxe
 G - a +0 vampiric hand axe
Armour
 b - a +0 scale mail (worn)
 c - a +2 shield (worn)
 E - a scarf of spirit shield (worn)
Jewellery
 e - an uncursed ring of flight
 j - an uncursed ring of stealth
 z - the amulet of the Sparrow (around neck) {Gourm *Corrode +Blink rElec MR+++}
   (You acquired it on level 10 of the Dungeon)

   [amulet of the gourmand]

   It allows you to eat raw meat even when not hungry.
   It insulates you from electricity.
   It affects your resistance to hostile enchantments.
   It lets you blink.
   It may corrode you when you take damage.
 A - a +5 ring of strength (right hand)
 B - an uncursed ring of protection from magic
 H - a +5 ring of slaying (left hand)
Wands
 r - a wand of random effects (26)
 u - a wand of clouds (7)
 v - a wand of disintegration (25)
 w - a wand of iceblast (24)
 K - a wand of flame (19)
Scrolls
 g - 2 scrolls of fear
 i - 6 scrolls of teleportation
 k - 9 scrolls of identify
 m - 2 scrolls of magic mapping
 n - 3 scrolls of fog
 q - a scroll of immolation
 s - 2 scrolls of blinking
 x - a scroll of enchant weapon
 y - 2 scrolls of amnesia
 C - 4 scrolls of remove curse
Potions
 d - 2 potions of might
 h - 2 potions of haste
 p - a potion of magic
Comestibles
 f - 10 rations


   Skills:
 + Level 9.1 Fighting
 + Level 12.7 Axes
 + Level 9.4 Armour
 + Level 4.9 Dodging
 + Level 1.3 Stealth
 + Level 8.7 Shields
 + Level 1.5 Invocations


You had 9 spell levels left.
You didn't know any spells.

Dungeon Overview and Level Annotations

Branches:
Dungeon (10/15)            Temple (1/1) D:7            Lair (0/6) D:9
    Orc: D:9-12

Altars:
Ashenzari
Cheibriados
Elyvilon
Fedhas
Kikubaaqudgha
Okawaru
Qazlal
Xom
Zin

Shops:
D:9 =}

Annotations:
D:3 3 exclusions, Blork the orc
D:9 Erolcha


Innate Abilities, Weirdness & Mutations

You reflexively headbutt those who attack you in melee.
You have a pair of horns on your head.
You have large cloven feet.
You are robust. (+10% HP)
You are covered in fur. (AC +1)


Message History

You feel sick.
A hound zombie comes into view.
Wield which item (- for none, * to show all)? (? for menu, Esc to quit)
This weapon is vampiric, and you must be Full or above to equip it.
You slash the orc!
You kill the orc!
Okawaru accepts your kill.
You slash the orc wizard!
You kill the orc wizard!
Okawaru accepts your kill.
You hit the orc wizard. You kick the orc wizard.
Your headbutt misses the orc wizard.
The orc wizard is heavily wounded.
* * * LOW HITPOINT WARNING * * *
You feel sick.
You slash the orc wizard!
You kill the orc wizard!
Okawaru accepts your kill.
You closely miss the orc.
You die...

#
#......#.......#*,,,,,*,,,,,,
#
#......'.......##,,,,,*,,,,,,
#
##....##........*,,,,,*,,,,,,
#
##....##.......#*,,,,,*******
# #.....##.......#*,,,,,,* #
#.....#........#******** #
#.....#........# #
#..<..#........# #
##....##...o@..# #
#######...))..# # #........#
# #...Z..%.# # #........# #
*****##.##....# #
**,,,,*#.*###### *,,,,,,.,,*
*,,,,,,,,,*


You could see an orc and a hound zombie.

Vanquished Creatures
  The ghost of deszczowiec the Fighter, a journeyman DrVM of Qazlal (D:10)
  A two-headed ogre (D:8)
  Pikel (D:6)
  The ghost of Faustar the Basher, a novice DsAK of Lugonu (D:5)
  A troll (D:8)
  The ghost of Thargor the Skirmisher, an amateur HOFi (D:4)
  A hornet (D:9)
  4 yaks (D:9)
  Menkaure (D:6)
  2 hell hounds (D:9)
  3 ice beasts
  5 orc warriors
  A sky beast (D:10)
  3 ogres
  A necrophage (D:8)
  A phantom (D:9)
  2 centaurs
  A crocodile (D:7)
  7 bullfrogs
  A scorpion (D:4)
  6 killer bees
  8 wights
  A centaur zombie (D:8)
  A crimson imp (D:8)
  A bullfrog skeleton (D:7)
  A bullfrog zombie (D:8)
  A hound (D:9)
  6 jellies
  6 orc priests
  A centaur skeleton (D:8)
  10 orc wizards
  5 worker ants
  4 iguanas
  A hound skeleton (D:4)
  Robin (D:4)
  3 gnolls (D:3)
  10 adders
  A shadow imp (D:9)
  6 oozes
  An adder skeleton (D:7)
  2 dart slugs
  4 leopard geckos
  41 orcs
  7 giant cockroaches
  7 goblins
  9 hobgoblins
  17 jackals
  5 kobolds
  2 quokkas
  2 ball pythons
  10 bats
  2 frilled lizards
  2 jackal skeletons
  A leopard gecko skeleton (D:4)
  A quokka zombie (D:6)
  7 rats
  A butterfly (D:7)
233 creatures vanquished.

Vanquished Creatures (others)
  A howler monkey (D:6)
  A centaur skeleton (D:6)
  A worker ant (D:6)
  A gnoll (D:6)
  2 orcs (D:6)
6 creatures vanquished.

Grand Total: 239 creatures vanquished

Notes
Turn   | Place    | Note
-------+----------+-------------------------------------------
     0 | D:1      | Marvel the Minotaur Fighter began the quest for the Orb.
     0 | D:1      | Reached XP level 1. HP: 19/19 MP: 0/0
   106 | D:1      | Reached XP level 2. HP: 27/27 MP: 1/1
   494 | D:2      | Reached XP level 3. HP: 31/33 MP: 2/2
   572 | D:2      | Found a white marble altar of Elyvilon.
   749 | D:2      | Found a stormy altar of Qazlal.
   854 | D:2      | Found a snail-covered altar of Cheibriados.
   855 | D:2      | Reached skill level 3 in Axes
   885 | D:2      | Reached XP level 4. HP: 39/41 MP: 3/3
  1378 | D:3      | Noticed Blork the orc
  1887 | D:4      | Noticed an ogre
  1897 | D:4      | Killed an ogre
  1897 | D:4      | Reached skill level 4 in Axes
  1897 | D:4      | Reached skill level 5 in Armour
  1897 | D:4      | Reached skill level 1 in Dodging
  1897 | D:4      | Reached XP level 5. HP: 23/47 MP: 4/4
  1902 | D:4      | Noticed Thargor's ghost (amateur HOFi)
  2074 | D:4      | Found an ancient bone altar of Kikubaaqudgha.
  2075 | D:4      | Found a glowing silver altar of Zin.
  2077 | D:4      | Found a shimmering altar of Xom.
  2415 | D:4      | Killed Thargor's ghost
  2415 | D:4      | Reached skill level 5 in Fighting
  2415 | D:4      | Reached skill level 5 in Axes
  2415 | D:4      | Reached skill level 5 in Shields
  2415 | D:4      | Reached XP level 6. HP: 39/56 MP: 5/5
  2585 | D:4      | Found a shattered altar of Ashenzari.
  2665 | D:4      | Reached XP level 7. HP: 35/61 MP: 6/6
  3239 | D:4      | Noticed Robin
  3275 | D:4      | Killed Robin
  3423 | D:5      | Entered Level 5 of the Dungeon
  3526 | D:5      | Reached skill level 6 in Axes
  3658 | D:5      | Noticed Faustar's ghost (novice DsAK)
  3685 | D:5      | Killed Faustar's ghost
  3685 | D:5      | Reached skill level 7 in Axes
  3685 | D:5      | Reached XP level 8. HP: 53/70 MP: 7/7
  4113 | D:6      | Noticed Pikel
  4176 | D:6      | Killed Pikel
  4176 | D:6      | Reached skill level 8 in Axes
  4214 | D:6      | Reached skill level 9 in Axes
  4477 | D:6      | Reached XP level 9. HP: 19/78 MP: 8/8
  5546 | D:6      | Noticed Menkaure
  5560 | D:6      | Killed Menkaure
  5560 | D:6      | Reached skill level 10 in Axes
  6150 | D:7      | Found a staircase to the Ecumenical Temple.
  6159 | Temple   | Entered the Ecumenical Temple
  6166 | Temple   | Became a worshipper of Warmaster Okawaru
  6336 | Temple   | Gained mutation: You have large cloven feet. [potion of mutation]
  6336 | Temple   | Gained mutation: You are robust. (+10% HP) [potion of mutation]
  6336 | Temple   | Gained mutation: You are covered in fur. (AC +1) [potion of mutation]
  7209 | D:8      | Reached skill level 1 in Stealth
  7260 | D:8      | Noticed a troll
  7272 | D:8      | Killed a troll
  7277 | D:8      | Reached skill level 11 in Axes
  7329 | D:8      | Reached * piety under Okawaru
  7517 | D:8      | Reached XP level 10. HP: 96/96 MP: 9/9
  7655 | D:8      | Noticed a two-headed ogre
  7665 | D:8      | Killed a two-headed ogre
  8070 | D:9      | Found a staircase to the Lair.
  8310 | D:9      | Reached ** piety under Okawaru
  8407 | D:9      | Reached skill level 1 in Invocations
  8409 | D:9      | Reached skill level 12 in Axes
  8555 | D:9      | Paralysed by a hornet for 3 turns
  8559 | D:9      | Reached *** piety under Okawaru
  8751 | D:9      | Found Pabbe's Jewellery Shoppe.
  8755 | D:9      | Bought an uncursed ring of protection from magic for 325 gold pieces
  8820 | D:9      | Found Kuyhag's Gadget Boutique.
  8897 | D:9      | Noticed Erolcha
  8898 | D:9      | Noticed a two-headed ogre
  8915 | D:10     | Entered Level 10 of the Dungeon
  9138 | D:10     | Noticed deszczowiec's ghost (journeyman DrVM)
  9161 | D:10     | Killed deszczowiec's ghost
  9161 | D:10     | Reached **** piety under Okawaru
  9163 | D:10     | Identified a scroll of acquirement
  9164 | D:10     | Got a twitching ivory amulet
  9165 | D:10     | Identified the amulet of the Sparrow {Gourm *Corrode +Blink rElec MR+++} (You acquired it on level 10 of the Dungeon)
  9180 | D:10     | HP: 5/100 [poisoned by deszczowiec's ghost (toxic radiance)]
  9185 | D:10     | HP: 3/100 [poisoned by deszczowiec's ghost (toxic radiance)]
  9191 | D:10     | HP: 1/100 [poisoned by deszczowiec's ghost (toxic radiance)]
  9196 | D:10     | Succumbed to deszczowiec's ghost's toxic radiance

Skill      XL: |  1  2  3  4  5  6  7  8  9 10 |
---------------+-------------------------------+-----
Armour         | 4 5 6 7 9 |  9.4
Fighting       | 4 5 6 7 9 |  9.1
Shields        | 4 5 6 7 8 |  8.7
Axes           | 3 4 5 7 9 11 12 | 12.7
Dodging        | 1 2 3 4 |  4.9
Stealth        | 1 |  1.3
Invocations    | 1 |  1.5

Action                   |  1- 3 |  4- 6 |  7- 9 | 10-12 || total
-------------------------+-------+-------+-------+-------++-------
Melee: War axe           |    77 |   110 |   268 |   143 ||   598
       Headbutt          |    14 |    23 |    51 |    35 ||   123
       Kick              |       |       |    16 |    46 ||    62
Invok: Heroism           |       |       |       |     2 ||     2
  Use: Potion            |       |       |    13 |     3 ||    16
       Scroll            |       |       |     6 |     9 ||    15
  Eat: Chunk             |       |     2 |     3 |     1 ||     6
       Ration            |       |     1 |     4 |     2 ||     7
Armor: Scale mail        |    39 |    34 |    66 |    20 ||   159
Dodge: Dodged            |    33 |    33 |    83 |    15 ||   164
Block: Shield            |    49 |    56 |   141 |    74 ||   320
